 Dungeon Crawl Stone Soup version 0.20.0-8-g6b59dc7 (webtiles) character file.

83 miragecloak the Changer (level 4, -3/28 HPs)
             Began as an Octopode Transmuter on May 31, 2017.
             Killed from afar by an orc wizard (7 damage)
             ... with a puff of flame
             ... on level 4 of the Dungeon.
             The game lasted 00:02:29 (2537 turns).

miragecloak the Changer (Octopode Transmuter)       Turns: 2537, Time: 00:02:29

Health: -3/28      AC:  2    Str:  9    XL:     4   Next: 44%
Magic:  1/7        EV: 20    Int: 15    God:
Gold:   128        SH:  0    Dex: 18    Spells: 3/7 levels left

rFire    . . .     SeeInvis .     - Unarmed
rCold    . . .     Gourm    .   (shield currently unavailable)
rNeg     . . .     Faith    .   (helmet currently unavailable)
rPois    x         Spirit   .   (no amulet)
rElec    .         Reflect  .   (no ring)
rCorr    .         Harm     .   (no ring)
MR       .....                  (no ring)
Stlth    ++........             (no ring)
Regen    0.1/turn               (no ring)
MPRegen  0.1/turn               (no ring)
                                (no ring)
                                (no ring)

@: spider-form (expiring), very slightly contaminated
A: almost no armour, stealthy swim, (amphibious), 8 rings, (constrict 8)
a: End Transformation


You were on level 4 of the Dungeon.
You were not hungry.
You were a venomous arachnid creature.
You visited 1 branch of the dungeon, and saw 4 of its levels.

You collected 128 gold pieces.

Inventory:

Missiles
 a - 48 arrows
Jewellery
 p - a cursed amulet of inaccuracy {unknown}
 r - an uncursed ring of magical power {unknown}
Wands
 l - a wand of confusion (23/48)
 m - a wand of random effects (17/48)
Scrolls
 e - 7 scrolls of identify {unknown}
 h - 3 scrolls of remove curse {unknown}
 j - 2 scrolls of teleportation {unknown}
 n - a scroll of fog {unknown}
 q - a scroll of enchant weapon {unknown}
Potions
 g - a potion of agility {unknown}
 i - 2 potions of ambrosia {unknown}
 k - a potion of mutation {unknown}
Books
 b - a book of Changes

   Spells                             Type                      Level
   a - Beastly Appendage              Transmutation                1
   b - Sticks to Snakes               Transmutation                2
   c - Spider Form                    Transmutation/Poison         3
   d - Ice Form                       Ice/Transmutation            4
   e - Blade Hands                    Transmutation                5
Comestibles
 c - 3 bread rations
 d - 2 meat rations
 f - 3 royal jellies
 s - 3 fruits


   Skills:
 - Level 1.0 Fighting
 - Level 2.0 Dodging
 - Level 3.0 Unarmed Combat
 - Level 2.0 Spellcasting
 + Level 3.8 Transmutations
 * Level 2.6 Poison Magic


You had 3 spell levels left.
You knew the following spells:

 Your Spells              Type           Power        Failure   Level  Hunger
a - Beastly Appendage     Tmut           ##....       14%         1    #......
b - Spider Form           Tmut/Pois      ##........   36%         3    ###....


Dungeon Overview and Level Annotations

Branches:
Dungeon (4/15)
 Temple: D:4-7

Altars:
Trog
The Shining One

Annotations:
D:4 PeterMcNeter's ghost, novice BaFi


Innate Abilities, Weirdness & Mutations

You cannot wear most types of armour.
You are very stealthy in the water. (Stealth+)
((You are amphibious.))
You can wear up to eight rings at the same time.
((You can use your tentacles to constrict eight enemies at once.))
((Your skin changes colour to match your surroundings (Stealth+).))
((Your rubbery body absorbs attacks. (AC +1, EV +1)))


Message History

The orc wizard casts a spell.
The orc wizard flickers and vanishes!
Deactivating autopickup; reactivate with Ctrl-A.
The orc wizard shouts!
Something hits you. The orc wizard closely misses you.
The orc wizard misses you. The orc wizard completely misses you.
You hit the orc wizard.
The orc wizard is poisoned.
The orc wizard is moderately wounded.
Something hits you.
* * * LOW HITPOINT WARNING * * *
The orc wizard gestures wildly while chanting.
The orc wizard flickers and vanishes!
The orc misses you.
The orc wizard mumbles some strange words.
The orc wizard flickers and vanishes!
You barely miss something. The orc hits you.
* * * LOW HITPOINT WARNING * * *
You hear some strange, mumbled words.
A puff of flame appears from out of thin air!
The puff of flame hits you!
You die...

## . ############ #.
#.........>.
####.#######.##########
#....){......%.........
.##.{so.....##########
###########


You could see an orc.

Vanquished Creatures
  An ooze (D:1)
  4 worms
  2 dart slugs
  2 leopard geckos (D:3)
  5 orcs (D:3)
  4 bats
  4 giant cockroaches
  2 goblins
  7 hobgoblins
  4 jackals (D:2)
  7 kobolds
  A quokka (D:4)
  A ball python (D:3)
  2 frilled lizards (D:1)
  A leopard gecko skeleton (D:4)
  A quokka skeleton (D:4)
  5 rats
53 creatures vanquished.

Notes
Turn   | Place    | Note
-------+----------+-------------------------------------------
     0 | D:1      | miragecloak the Octopode Transmuter began the quest for the Orb.
     0 | D:1      | Reached XP level 1. HP: 13/13 MP: 3/3
   138 | D:1      | Found a glowing golden altar of the Shining One.
   171 | D:1      | Reached XP level 2. HP: 16/18 MP: 1/5
   539 | D:1      | Reached XP level 3. HP: 20/23 MP: 4/6
   544 | D:1      | Learned a level 3 spell: Spider Form
   675 | D:2      | Found a bloodstained altar of Trog.
   720 | D:2      | Reached skill level 1 in Poison Magic
  1485 | D:3      | Noticed a hornet
  1487 | D:3      | Found a faded altar of an unknown god.
  1551 | D:3      | Reached XP level 4. HP: 21/28 MP: 5/7
  1839 | D:4      | Noticed PeterMcNeter's ghost (novice BaFi)
  2537 | D:4      | Killed from afar by an orc wizard

Skill      XL: |  1  2  3 |
---------------+----------+-----
Transmutations | 3 |  3.8
Poison Magic   | 2 |  2.6
Fighting       | |  1.0
Dodging        | |  2.0
Unarmed Combat | |  3.0
Spellcasting   | |  2.0

Action                   |  1- 3 |  4- 6 || total
-------------------------+-------+-------++-------
Melee: Unarmed           |    96 |    47 ||   143
       Constrict         |    25 |     8 ||    33
       Kick              |    16 |     7 ||    23
       Punch             |     3 |     1 ||     4
       Tentacles         |    21 |     5 ||    26
 Cast: Beastly Appendage |    33 |     5 ||    38
       Spider Form       |       |     4 ||     4
 Stab: Sleeping          |    10 |     2 ||    12
  Eat: Chunk             |     2 |     5 ||     7
Armor: Skin              |     3 |     3 ||     6
Dodge: Dodged            |    56 |    46 ||   102
